 Dungeon Crawl Stone Soup version 0.30-a0-782-ge64f9170bb (webtiles) character file.

Game seed: 16893905423446185758

6 theswoord the Chopper (level 1, 0/16 HPs)
             Began as a Demonspawn Gladiator on Mar 9, 2023.
             Slain by a kobold
             ... wielding a +0 whip
              (4 damage)
             ... on level 1 of the Dungeon.
             The game lasted 00:00:18 (132 turns).

theswoord the Chopper (Demonspawn Gladiator)         Turns: 132, Time: 00:00:18

Health: 0/16       AC:  4    Str: 14    XL:     1   Next: 75%
Magic:  1/1        EV: 12    Int:  9    God:
Gold:   9          SH:  0    Dex: 14    Spells: 0/0 levels left

rFire   . . .      SeeInvis .    a - +0 war axe
rCold   . . .      Faith    .    (no shield)
rNeg    . . .      Spirit   .    b - +0 leather armour
rPois   .          Reflect  .    c - +0 helmet
rElec   .          Harm     .    (no cloak)
rCorr   .          Rampage  .    (no gloves)
Will    .....                    (no boots)
Stlth   +                        (no amulet)
HPRegen 0.22/turn                (no ring)
MPRegen 0.07/turn                (no ring)

@: no status effects
A: no striking features
a: no special abilities


You were on level 1 of the Dungeon.
You visited 1 branch of the dungeon, and saw 1 of its levels.

You collected 9 gold pieces.

Inventory:

Hand Weapons
 a - a +0 war axe (weapon)
 g - a +0 whip
Missiles
 d - 3 throwing nets (quivered)
 e - a javelin
Armour
 b - a +0 leather armour (worn)
 c - a +0 helmet (worn)
Scrolls
 h - a scroll of identify {unknown}
Potions
 f - a potion of resistance {unknown}


   Skills:
 - Level 2.0 Fighting
 + Level 3.1 Axes
 - Level 1.7 Throwing
 - Level 2.6 Dodging


You couldn't memorise any spells.
You didn't know any spells.
Your spell library was empty.

Dungeon Overview and Level Annotations

Branches:
Dungeon (1/15)

Altars:


Message History

A kobold is nearby!
A kobold is nearby!
A kobold is nearby!
Things that are here:
a +0 leather armour; 15 gold pieces
Found a stone staircase leading down.
The kobold shouts!
You hear a bark!
A jackal comes into view.
A jackal comes into view.
The jackal barks!
The kobold hits you with a +0 whip.
A jackal comes into view.
You closely miss the kobold.
The jackal barks!
The kobold hits you with a +0 whip.
You hit the jackal but do no damage. You hit the kobold.
The kobold barely misses you. The jackal bites you.
The kobold closely misses you.
You closely miss the kobold. You barely miss the jackal. The jackal misses you.
The kobold hits you with a +0 whip.
The jackal bites you but does no damage.
You miss the kobold. You hit the jackal.
You kill the jackal!
You closely miss the jackal. The jackal barely misses you.
The kobold hits you with a +0 whip.
* * * LOW HITPOINT WARNING * * *
The jackal bites you but does no damage.
The jackal barely misses you.
You closely miss the kobold. You punch the kobold. You barely miss the jackal.
You hit the jackal. The jackal barely misses you. The jackal bites you.
* * * LOW HITPOINT WARNING * * *
The kobold barely misses you. The jackal bites you.
* * * LOW HITPOINT WARNING * * *
The jackal closely misses you. The kobold barely misses you.
You closely miss the kobold. You hit the jackal.
You kill the jackal!
You slash the jackal!
You kill the jackal!
The kobold hits you with a +0 whip.
You die...

#.# .. #.. ## ##.## ##
.. .# #... .# #.
#.####..## .###
#.#..##...#.###...#
#>.........#....# #
#.###.#####....#...#.#
#...†@..[?....##......
#...K.#####...)....#.#
..............#†#.####
# .##....#..#.###.#...
#.#.# .... #.#####
#.#.# .### ##.## #
.....# #...# ##.# ##
#.>.# #.# #...##...


You could see a kobold.

Vanquished Creatures
  A giant cockroach (D:1)
  3 jackals (D:1)
  A quokka (D:1)
  A bat (D:1)
  A goblin (D:1)
  A rat (D:1)
8 creatures vanquished.

Notes
Turn   | Place    | Note
-------+----------+-------------------------------------------
     0 | D:1      | theswoord the Demonspawn Gladiator began the quest for the
                  | Orb.
     0 | D:1      | Reached XP level 1. HP: 16/16 MP: 1/1
    66 | D:1      | Reached skill level 3 in Axes
   132 | D:1      | Slain by a kobold

Skill      XL: |  1 |
---------------+----+-----
Axes           | 3 |  3.1
Fighting       | |  2.0
Throwing       | |  1.7
Dodging        | |  2.6

Action                     || total
---------------------------++-------
  Melee: War axe           ||    21
         Punch             ||     1
 Armour: Leather armour    ||     8
  Dodge: Dodged            ||    21

Levels and vault maps discovered:
D:1:      lightli_iron_boxes, layout_loops_cross, minmay_pentomino_o2
